General information
			
			
        
        - name: BNet
 
        - type: Ladder team game (AT/RT)
 
        - host: Battle.net
 
        - saver: YEAHSHESASSBATS
 
        
map: GoldRush 
        - players: 8
 
        - length: 22:19
 
        - speed: Fast
 - version: 1.22 W3XP
 - replay type:  Public
 
» download(200 KB)
Players
        team 1 (winner) 
              
              
298739283939208 (
green | 59 APM | 1314 actions | 22:19)
              
 3 Priestess of the Moon 
 2 Trueshot Aura
 1 Scout
 
                » actions 
                
                | Assign group hotkey | 23 |  | 
| Build / train | 34 |  | 
| Enter build submenu | 7 |  | 
| Enter hero's abilities submenu | 4 |  | 
| Right click | 469 |  | 
| Select / deselect | 261 |  | 
| Select group hotkey | 469 |  | 
| Use ability | 47 |  | 
                1314 total
 » units 
                » buildings
                
                | Altar of Elders | 1 |  | 
| Moon Well | 1 |  | 
| Tree of Life | 4 |  | 
                6 total
 » build order
                00:16 Altar of Elders
00:33 Moon Well
03:31 Tree of Life
04:59 Tree of Life
05:01 Tree of Life
05:59 Tree of Life
 
               
              
              
» 
kunt.roII (
purple | 120 APM | 2689 actions | 22:19)
              
 4 Archmage 
 2 Blizzard
 2 Brilliance Aura
 3 Mountain King 
 2 Storm Bolt
 1 Bash
 
                » actions 
                
                | Assign group hotkey | 69 |  | 
| Basic commands | 98 |  | 
| Build / train | 106 |  | 
| ESC pressed | 9 |  | 
| Enter build submenu | 31 |  | 
| Enter hero's abilities submenu | 7 |  | 
| Give item / drop item | 2 |  | 
| Right click | 1017 |  | 
| Select / deselect | 302 |  | 
| Select group hotkey | 963 |  | 
| Use ability | 84 |  | 
                2689 total
 » units 
                
                | Peasant | 20 |  | 
| Footman | 6 |  | 
| Rifleman | 12 |  | 
| Gryphon Rider | 10 |  | 
| Knight | 3 |  | 
                51 total
 » upgrades
                
                | Gunpowder | 1 |  | 
| Long Rifles | 1 |  | 
| Swords | 3 |  | 
| Backpack | 1 |  | 
| Animal War Training | 1 |  | 
| Lumber Harvesting | 1 |  | 
| Storm Hammers | 1 |  | 
| Armor | 2 |  | 
| Plating | 2 |  | 
                13 total
 » buildings
                
                | Altar of Kings | 1 |  | 
| Farm | 11 |  | 
| Barracks | 1 |  | 
| Scout Tower | 3 |  | 
| Arcane Tower | 4 |  | 
| Town Hall | 3 |  | 
| Blacksmith | 1 |  | 
| Arcane Vault | 1 |  | 
| Keep | 1 |  | 
| Lumber Mill | 1 |  | 
| Castle | 2 |  | 
| Guard Tower | 2 |  | 
| Gryphon Aviary | 2 |  | 
                33 total
 » build order
                00:07 Altar of Kings
00:12 Farm
00:19 Barracks
00:49 Farm
01:28 Scout Tower
02:00 Arcane Tower
02:02 Farm
03:09 Town Hall
03:25 Blacksmith
03:35 Arcane Vault
04:34 Keep
05:17 Scout Tower
05:17 Scout Tower
06:25 Farm
06:31 Lumber Mill
06:35 Arcane Tower
06:35 Arcane Tower
08:23 Castle
08:30 Guard Tower
08:31 Guard Tower
10:00 Gryphon Aviary
10:48 Gryphon Aviary
11:19 Farm
11:25 Farm
11:25 Farm
11:49 Farm
12:13 Farm
12:24 Farm
12:24 Farm
15:09 Town Hall
20:46 Town Hall
» items
                
                | Scroll of Regeneration | 8 |  | 
| Lesser Clarity Potion | 2 |  | 
| Potion of Healing | 4 |  | 
| Staff of Sanctuary | 2 |  | 
| Scroll of Town Portal | 2 |  | 
| Potion of Mana | 1 |  | 
                19 total
  
               
              
              
» 
TIMG4STRok (
orange | 138 APM | 3078 actions | 22:19)
              
 7 Dreadlord 
 2 Sleep
 3 Vampiric Aura
 1 Carrion Swarm
 1 Inferno
 
                » actions 
                
                | Assign group hotkey | 37 |  | 
| Basic commands | 103 |  | 
| Build / train | 66 |  | 
| ESC pressed | 1 |  | 
| Enter build submenu | 22 |  | 
| Enter hero's abilities submenu | 7 |  | 
| Remove unit from queue | 1 |  | 
| Right click | 1412 |  | 
| Select / deselect | 321 |  | 
| Select group hotkey | 1013 |  | 
| Use ability | 95 |  | 
                3078 total
 » units 
                
                | Acolyte | 7 |  | 
| Ghoul | 11 |  | 
| Obsidian Statue | 4 |  | 
| Gargoyle | 14 |  | 
                36 total
 » upgrades
                
                | Destroyer Form | 2 |  | 
| Ghoul Frenzy | 1 |  | 
| Creature Attack | 3 |  | 
| Creature Carapace | 3 |  | 
| Stone Form | 1 |  | 
| Unholy Strength | 1 |  | 
| Unholy Armor | 1 |  | 
                12 total
 » buildings
                
                | Crypt | 1 |  | 
| Altar of Darkness | 1 |  | 
| Ziggurat | 4 |  | 
| Tomb of Relics | 1 |  | 
| Nerubian Tower | 1 |  | 
| Halls of the Dead | 1 |  | 
| Graveyard | 1 |  | 
| Necropolis | 9 |  | 
| Black Citadel | 1 |  | 
| Slaughterhouse | 3 |  | 
                23 total
 » build order
                00:10 Crypt
00:13 Altar of Darkness
00:30 Ziggurat
00:39 Tomb of Relics
01:08 Ziggurat
02:48 Nerubian Tower
04:10 Halls of the Dead
04:13 Graveyard
04:29 Ziggurat
04:50 Necropolis
07:23 Black Citadel
07:56 Slaughterhouse
08:09 Slaughterhouse
08:19 Slaughterhouse
08:34 Necropolis
08:35 Necropolis
10:32 Ziggurat
12:37 Necropolis
12:37 Necropolis
12:38 Necropolis
19:24 Necropolis
19:24 Necropolis
19:25 Necropolis
» items
                
                | Rod of Necromancy | 1 |  | 
| Scroll of Town Portal | 1 |  | 
| Orb of Corruption | 1 |  | 
| Potion of Healing | 1 |  | 
| Scroll of Healing | 1 |  | 
| Potion of Mana | 1 |  | 
                6 total
  
               
              
              
YEAHSHESASSBATS (
blue | 123 APM | 2752 actions | 22:19)
              
 6 Death Knight 
 3 Death Coil
 3 Unholy Aura
 5 Lich 
 3 Frost Nova
 2 Dark Ritual
 4 Dreadlord 
 2 Sleep
 2 Carrion Swarm
 
                » actions 
                
                | Assign group hotkey | 23 |  | 
| Basic commands | 298 |  | 
| Build / train | 66 |  | 
| Enter build submenu | 16 |  | 
| Enter hero's abilities submenu | 17 |  | 
| Give item / drop item | 3 |  | 
| Right click | 1061 |  | 
| Select / deselect | 562 |  | 
| Select group hotkey | 590 |  | 
| Use ability | 113 |  | 
                2752 total
 » units 
                
                | Acolyte | 2 |  | 
| Ghoul | 2 |  | 
| Crypt Fiend | 6 |  | 
| Frost Wyrm | 7 |  | 
                17 total
 » upgrades
                
                | Creature Attack | 3 |  | 
| Web | 1 |  | 
| Creature Carapace | 3 |  | 
| Burrow | 1 |  | 
| Freezing Breath | 1 |  | 
                9 total
 » buildings
                
                | Crypt | 1 |  | 
| Graveyard | 1 |  | 
| Altar of Darkness | 1 |  | 
| Ziggurat | 9 |  | 
| Tomb of Relics | 1 |  | 
| Nerubian Tower | 1 |  | 
| Halls of the Dead | 2 |  | 
| Black Citadel | 1 |  | 
| Sacrificial Pit | 1 |  | 
| Boneyard | 2 |  | 
                20 total
 » build order
                00:10 Crypt
00:21 Graveyard
00:33 Altar of Darkness
00:51 Ziggurat
01:21 Tomb of Relics
01:51 Ziggurat
01:55 Nerubian Tower
02:54 Halls of the Dead
02:59 Ziggurat
04:12 Ziggurat
05:05 Ziggurat
05:17 Black Citadel
05:59 Sacrificial Pit
07:47 Boneyard
07:55 Boneyard
10:59 Ziggurat
11:55 Ziggurat
19:22 Ziggurat
20:02 Ziggurat
» items
                
                | Rod of Necromancy | 1 |  | 
| Scroll of Healing | 3 |  | 
| Potion of Mana | 4 |  | 
| Scroll of Town Portal | 6 |  | 
| Orb of Corruption | 2 |  | 
| Potion of Healing | 2 |  | 
                18 total
  
               team 2 (loser) 
              
              
820. (
pink | 82 APM | 1445 actions | 17:43)
              
 3 Goblin Alchemist 
 2 Healing Spray
 1 Chemical Rage
 2 Keeper of the Grove 
 1 Entangling Roots
 1 Thorns Aura
 
                » actions 
                
                | Assign group hotkey | 140 |  | 
| Basic commands | 38 |  | 
| Build / train | 64 |  | 
| ESC pressed | 4 |  | 
| Enter build submenu | 22 |  | 
| Enter hero's abilities submenu | 5 |  | 
| Remove unit from queue | 3 |  | 
| Right click | 596 |  | 
| Select / deselect | 252 |  | 
| Select group hotkey | 255 |  | 
| Use ability | 65 |  | 
                1445 total
 » units 
                
                | Wisp | 19 |  | 
| Archer | 16 |  | 
| Huntress | 1 |  | 
| Hippogryph | 12 |  | 
                48 total
 » upgrades
                
                | Improved Bows | 1 |  | 
| Hippogryph Taming | 1 |  | 
| Strength of the Moon | 1 |  | 
                3 total
 » buildings
                
                | Ancient of War | 1 |  | 
| Moon Well | 6 |  | 
| Altar of Elders | 1 |  | 
| Hunter's Hall | 1 |  | 
| Ancient Protector | 3 |  | 
| Ancient of Wonders | 1 |  | 
| Tree of Ages | 1 |  | 
| Ancient of Wind | 3 |  | 
| Tree of Life | 1 |  | 
| Tree of Eternity | 1 |  | 
                19 total
 » build order
                00:05 Ancient of War
00:07 Moon Well
01:01 Altar of Elders
01:34 Moon Well
02:35 Hunter's Hall
02:47 Moon Well
03:40 Ancient Protector
03:48 Moon Well
04:22 Ancient of Wonders
04:40 Tree of Ages
04:48 Ancient Protector
07:53 Ancient of Wind
07:56 Ancient of Wind
08:04 Tree of Life
08:20 Moon Well
10:13 Ancient of Wind
12:03 Moon Well
12:10 Ancient Protector
17:01 Tree of Eternity
» items
                 
               
              
              
» 
Gerlach (
teal | 37 APM | 653 actions | 17:39)
              
 1 Demon Hunter 
 1 Mana Burn
 
                » actions 
                
                | Assign group hotkey | 1 |  | 
| Build / train | 36 |  | 
| Enter build submenu | 13 |  | 
| Enter hero's abilities submenu | 1 |  | 
| Remove unit from queue | 5 |  | 
| Right click | 366 |  | 
| Select / deselect | 193 |  | 
| Select group hotkey | 1 |  | 
| Use ability | 37 |  | 
                653 total
 » units 
                
                | Wisp | 23 |  | 
| Druid of the Talon | 3 |  | 
| Hippogryph | -1 |  | 
                25 total
 » upgrades
                
                | Druid of the Talon Training | 2 |  | 
                2 total
 » buildings
                
                | Altar of Elders | 1 |  | 
| Moon Well | 3 |  | 
| Tree of Ages | 1 |  | 
| Ancient of Wind | 3 |  | 
| Tree of Eternity | 1 |  | 
| Tree of Life | 1 |  | 
                10 total
 » build order
                00:18 Altar of Elders
00:23 Moon Well
05:46 Tree of Ages
08:26 Ancient of Wind
08:42 Moon Well
09:46 Ancient of Wind
09:53 Moon Well
10:52 Tree of Eternity
13:59 Ancient of Wind
16:38 Tree of Life
» items
                 
               
              
              
Hip-E (
red | 48 APM | 1066 actions | 22:19)
              
 2 Archmage 
 1 Summon Water Elemental
 1 Brilliance Aura
 1 Mountain King 
 1 Storm Bolt
 
                » actions 
                
                | Assign group hotkey | 7 |  | 
| Basic commands | 73 |  | 
| Build / train | 82 |  | 
| Enter build submenu | 23 |  | 
| Enter hero's abilities submenu | 3 |  | 
| Remove unit from queue | 2 |  | 
| Right click | 424 |  | 
| Select / deselect | 273 |  | 
| Select group hotkey | 106 |  | 
| Use ability | 73 |  | 
                1066 total
 » units 
                
                | Peasant | 18 |  | 
| Footman | 10 |  | 
| Priest | 3 |  | 
| Mortar Team | 2 |  | 
| Knight | 5 |  | 
| Spell Breaker | 1 |  | 
| Siege Engine | 3 |  | 
                42 total
 » upgrades
                
                | Masonry | 3 |  | 
| Defend | 1 |  | 
| Plating | 2 |  | 
| Lumber Harvesting | 1 |  | 
| Fragmentation Shards | 1 |  | 
| Animal War Training | 1 |  | 
| Barrage | 1 |  | 
                10 total
 » buildings
                
                | Altar of Kings | 1 |  | 
| Barracks | 2 |  | 
| Farm | 7 |  | 
| Arcane Vault | 1 |  | 
| Town Hall | 1 |  | 
| Scout Tower | 5 |  | 
| Lumber Mill | 1 |  | 
| Arcane Tower | 2 |  | 
| Keep | 3 |  | 
| Guard Tower | 5 |  | 
| Blacksmith | 1 |  | 
| Castle | 1 |  | 
| Arcane Sanctum | 1 |  | 
| Workshop | 2 |  | 
                33 total
 » build order
                00:08 Altar of Kings
00:19 Barracks
00:33 Farm
00:57 Farm
01:57 Farm
02:05 Arcane Vault
03:30 Town Hall
04:23 Farm
04:25 Scout Tower
04:30 Lumber Mill
04:55 Scout Tower
05:03 Arcane Tower
05:04 Arcane Tower
05:13 Scout Tower
05:45 Keep
05:45 Keep
06:18 Scout Tower
06:21 Guard Tower
06:22 Guard Tower
06:23 Scout Tower
07:01 Guard Tower
07:03 Blacksmith
07:06 Barracks
08:19 Castle
08:23 Arcane Sanctum
08:33 Workshop
08:58 Farm
11:29 Farm
11:40 Guard Tower
11:41 Guard Tower
12:47 Workshop
14:05 Farm
» items
                
                | Scroll of Regeneration | 1 |  | 
| Lesser Clarity Potion | 1 |  | 
| Scroll of Town Portal | 4 |  | 
| Potion of Mana | 1 |  | 
| Potion of Healing | 2 |  | 
| Scroll of Speed | 1 |  | 
                10 total
  
               
              
              
» 
xBLa.Ck (
yellow | 55 APM | 962 actions | 17:37)
              
 2 Tauren Chieftain 
 1 War Stomp
 1 Endurance Aura
 1 Shadow Hunter 
 1 Healing Wave
 
                » actions 
                
                | Assign group hotkey | 18 |  | 
| Basic commands | 60 |  | 
| Build / train | 49 |  | 
| ESC pressed | 1 |  | 
| Enter build submenu | 23 |  | 
| Enter hero's abilities submenu | 3 |  | 
| Remove unit from queue | 1 |  | 
| Right click | 260 |  | 
| Select / deselect | 299 |  | 
| Select group hotkey | 159 |  | 
| Use ability | 89 |  | 
                962 total
 » units 
                
                | Peon | 12 |  | 
| Grunt | 7 |  | 
| Troll Witch Doctor | 3 |  | 
| Tauren | 7 |  | 
                29 total
 » upgrades
                
                | Melee Weapons | 1 |  | 
| Spirit Walker Training | 1 |  | 
| Witch Doctor Training | 2 |  | 
| Berserker Strength | 1 |  | 
| Armor | 2 |  | 
| Pulverize | 1 |  | 
                8 total
 » buildings
                
                | Altar of Storms | 1 |  | 
| Orc Burrow | 12 |  | 
| Barracks | 1 |  | 
| Stronghold | 1 |  | 
| Voodoo Lounge | 1 |  | 
| War Mill | 1 |  | 
| Fortress | 1 |  | 
| Spirit Lodge | 2 |  | 
| Tauren Totem | 3 |  | 
                23 total
 » build order
                00:13 Altar of Storms
00:31 Orc Burrow
00:50 Barracks
01:27 Orc Burrow
01:48 Stronghold
01:59 Voodoo Lounge
02:05 War Mill
02:39 Orc Burrow
02:41 Orc Burrow
03:32 Orc Burrow
04:28 Fortress
05:44 Spirit Lodge
07:00 Tauren Totem
07:01 Tauren Totem
07:24 Tauren Totem
08:36 Orc Burrow
09:26 Orc Burrow
12:07 Orc Burrow
12:34 Spirit Lodge
12:38 Orc Burrow
14:58 Orc Burrow
15:24 Orc Burrow
15:55 Orc Burrow
» items
                
                | Healing Salve | 1 |  | 
| Lesser Clarity Potion | 1 |  | 
| Scroll of Town Portal | 2 |  | 
                4 total
  
                Chat log
          (00:03 / Allies) YEAHSHESASSBATS: just going to outmicro them
(00:08 / Allies) YEAHSHESASSBATS: jesus
(00:23 / All) kunt.roII: gl hf
(00:26 / All) kunt.roII: maner game plz
(00:27 / All) 820.: ^
(00:30 / All) YEAHSHESASSBATS: All u niggas gettijn keeled
(00:33 / All) 820.: so no niggers?
(00:34 / All) YEAHSHESASSBATS: wit u mouths open
(00:45 / All) YEAHSHESASSBATS: Get out the way yo, get out the way yo.
(00:49 / All) YEAHSHESASSBATS: Biggie smalls just got dropped
(02:05 / All) YEAHSHESASSBATS: Yous a beef biter pac style taker Ill tell it to your face you aint shit but a faker
(02:46 / Allies) kunt.roII: laff
(04:03 / All) YEAHSHESASSBATS: Killen they fam but somebody gotta do it
(05:49 / All) 820.: LOL
(05:55 / All) 298739283939208: usain bolt
(05:56 / All) 298739283939208: lol
(09:00 / Allies) TIMG4STRok: wood
(09:02 / Allies) TIMG4STRok: god damn
(09:03 / Allies) TIMG4STRok: idiot
(09:51 / All) 820.: lol wtf nice mh oj
(14:25 / Allies) kunt.roII: lmao
(16:09 / Allies) kunt.roII: lol what
(17:29 / All) xBLa.Ck: gg
(17:32 / All) 298739283939208: GG
(17:34 / All) 298739283939208: gg
(20:56 / All) YEAHSHESASSBATS: hip-e manner plz
(21:13 / Allies) kunt.roII: hellyeah